 Dungeon Crawl Stone Soup version 0.25-a0-424-g80bd347ae0 (webtiles) character file.

Game seed: 9024692847860350887, levelgen mode: deterministic

28915 BeastOfSaturn the Tainter (level 13, -9/86 HPs)
             Began as a Demonspawn Venom Mage on Jan 19, 2020.
             Was a Believer of Dithmenos.
             Mangled by a death yak (19 damage)
             ... on level 2 of the Lair of Beasts on Jan 23, 2020.
             The game lasted 03:20:44 (26170 turns).

BeastOfSaturn the Tainter (Demonspawn Venom Mage)  Turns: 26170, Time: 03:20:45

Health: -9/86      AC: 13    Str: 20    XL:     13   Next: 12%
Magic:  0/35       EV: 18    Int: 22    God:    Dithmenos [**....]
Gold:   934        SH: 17    Dex: 20    Spells: 13/30 levels left

rFire    . . .     SeeInvis .   a - +5 whip "Sarcophage" {freeze, *Drain rPois Str+4}
rCold    + . .     Gourm    .   L - +0 shield
rNeg     + . .     Faith    .   Z - +0 leather armour of the Stars {rCorr Int+4}
rPois    +         Spirit   +   o - +0 helmet
rElec    +         Reflect  +   l - +0 cloak
rCorr    +         Harm     .   s - +1 pair of gloves
MR       .....                  q - +0 pair of boots
Stlth    +++++++...             e - +6 amulet of reflection
HPRegen  0.24/turn              D - ring of Reisu {MP+9 Str+3}
MPRegen  0.24/turn              C - ring of positive energy

@: agile, wreathed by umbra, drained
A: claws 2, icy blue scales 2, blink, clever 1, cold resistance 1, nightstalker
2, robust 1, electricity resistance, evolution 1, magic shield
a: Blink, Shadow Step, Renounce Religion


You were on level 2 of the Lair of Beasts.
You worshipped Dithmenos.
Dithmenos was pleased with you.
You were hungry.

You visited 3 branches of the dungeon, and saw 17 of its levels.

You collected 934 gold pieces.

Inventory:

Hand Weapons
 a - the +5 whip "Sarcophage" (weapon) {freeze, *Drain rPois Str+4}
   (You found it on level 4 of the Lair of Beasts)

   It has been specially enchanted to freeze those struck by it, causing extra
   injury to most foes and up to half again as much damage against particularly
   susceptible opponents.
   It can also slow down cold-blooded creatures.
   It affects your strength (+4).
   It protects you from poison.
   It causes draining when unequipped.
 b - the +10 hunting sling of Fedhas's Reproof {venom, rF+ Int+3}
   (You found it on level 2 of the Lair of Beasts)

   It poisons the ammo it fires.
   It affects your intelligence (+3).
   It protects you from fire.
 E - a +4 war axe of protection
 P - a +4 flail of draining
 Q - a +0 vampiric whip
Missiles
 n - 29 sling bullets
Armour
 l - a +0 cloak (worn)
 o - a +0 helmet (worn)
 q - a +0 pair of boots (worn)
 s - a +1 pair of gloves (worn)
 L - a +0 shield (worn)
 Z - the +0 leather armour of the Stars (worn) {rCorr Int+4}
   (You found it on level 10 of the Dungeon)

   It affects your intelligence (+4).
   It provides partial protection from all sources of acid and corrosion.
Jewellery
 e - a +6 amulet of reflection (around neck)
 y - an uncursed ring of positive energy
 C - a ring of positive energy (right hand)
 D - the ring of Reisu (left hand) {MP+9 Str+3}
   (You found it on level 5 of the Dungeon)

   [ring of magical power]

   It affects your strength (+3).
   It affects your magic capacity (+9).
 J - an uncursed ring of protection from cold
 U - an uncursed amulet of faith
Wands
 c - a wand of iceblast (8)
 g - a wand of clouds (3)
 h - a wand of paralysis (17)
 G - a wand of disintegration (32)
 H - a wand of digging (4)
 O - a wand of acid (7)
 S - a wand of flame (45)
Scrolls
 i - a scroll of teleportation
 j - a scroll of magic mapping
 k - 3 scrolls of silence
 m - 3 scrolls of remove curse
 t - 3 scrolls of amnesia
 w - 3 scrolls of enchant weapon
 x - 4 scrolls of enchant armour
 A - a scroll of vulnerability {unknown}
 K - a scroll of fog
 W - a scroll of immolation
Potions
 d - a potion of cancellation {unknown}
 f - 2 potions of might
 p - 2 potions of invisibility {unknown}
 r - 2 potions of magic {unknown}
 v - 3 potions of agility
 z - 5 potions of brilliance
 B - a potion of heal wounds {unknown}
 F - 4 potions of mutation
 I - a potion of flight {unknown}
 M - a potion of berserk rage {unknown}
 T - a potion of lignification {unknown}
 X - 3 potions of resistance
Miscellaneous
 u - a lightning rod (4/4)
Comestibles
 V - 5 rations


   Skills:
 - Level 0.2(0.0) Fighting
 + Level 4.0(5.4) Axes
 + Level 5.4(5.3) Maces & Flails
   Level 4.4(4.5) Polearms
 + Level 3.5(2.9) Slings
 * Level 8.6(7.9) Armour
 + Level 5.1(4.4) Dodging
 + Level 3.8(3.2) Stealth
 + Level 7.1(6.4) Shields
 + Level 9.0(8.3) Spellcasting
 + Level 2.8(2.1) Transmutations
 + Level 6.1(5.4) Air Magic
 + Level 9.2(8.5) Poison Magic
 + Level 1.3(0.7) Evocations


You had 13 spell levels left.
You knew the following spells:

 Your Spells              Type           Power        Failure   Level  Hunger
a - Sting                 Tmut/Pois      ####         2%          1    None
b - Poisonous Vapours     Pois/Air       #####.       2%          2    None
c - Olgreb's Toxic Radia  Pois           #####...     8%          4    ###....
d - Mephitic Cloud        Conj/Pois/Air  ####....     11%         3    None
e - Beastly Appendage     Tmut           ###...       10%         1    None
f - Animate Skeleton      Necr           N/A          26%         1    None
g - Blade Hands           Tmut           ###.......   95%         5    #####..

Your spell library contained the following spells:

 Spells                   Type           Power        Failure   Level  Hunger
 Spider Form              Tmut/Pois      ####......   9%          3    None
 Sticks to Snakes         Tmut           ###.....     16%         2    None
 Ignite Poison            Fire/Tmut/Pois ###.....     17%         3    None
 Apportation              Tloc           #.....       26%         1    None
 Corona                   Hex            #......      26%         1    None
 Summon Small Mammal      Summ           #...         26%         1    None
 Ice Form                 Ice/Tmut       ##......     83%         4    ###....


Dungeon Overview and Level Annotations

Branches:
Dungeon (11/15)            Temple (1/1) D:7            Lair (5/6) D:9
  Swamp (0/4) Lair:4       Spider (0/4) Lair:3
  Slime: Lair:5-6       Orc: D:9-12

Altars:
Ashenzari
Cheibriados
Dithmenos
Elyvilon
Fedhas
Gozag
Hepliaklqana
Kikubaaqudgha
Makhleb
Nemelex Xobeh
Okawaru
Qazlal
Ru
Sif Muna
Trog
Uskayaw
Vehumet
Wu Jian
Xom
Yredelemnul
Zin
The Shining One

Annotations:
D:8 4 runed translucent doors
D:9 2 transporters
Lair:4 exclusion: 3 oklob plants


Innate Abilities, Weirdness & Mutations

You have very sharp fingernails.
You are mostly covered in icy blue scales. (AC +3)
You are significantly more attuned to the shadows.
When hurt, damage is shared between your health and your magic reserves.
You can translocate small distances at will.
Your mind is acute. (Int +2)
Your flesh is cold resistant. (rC+)
You are robust. (+10% HP)
You are resistant to electric shocks. (rElec)
You evolve.


Message History

Confirm with . or Enter, or press ? or * to list all spells.
Aiming: Poisonous Vapours (safe; 2% risk of failure)
Press: ? - help, Dir - move target cursor, f/p - death yak
Aim: a death yak (heavily wounded, poisoned, umbra) Poisonous vapours surround the death yak!
The death yak is engulfed in poison gas.
The death yak looks even sicker.
You block the death yak's attack.
The death yak is engulfed in poison gas.
The death yak looks even sicker.
You see here a curare-tipped dart.
Casting: Poisonous Vapours (safe; 2% risk of failure)
Confirm with . or Enter, or press ? or * to list all spells.
Aiming: Poisonous Vapours (safe; 2% risk of failure)
Press: ? - help, Dir - move target cursor, f/p - death yak
Aim: a death yak (heavily wounded, very poisoned, umbra) Poisonous vapours surround the death yak!
The death yak is engulfed in poison gas.
The death yak looks as sick as possible!
The death yak gores you!!
You die...

####.......######
###.............## ##
.#...............##.#
#...................###
......................# #######
......................# #.#..##
...).##P..............# ###......
.....####.............###.(....##
.....# #........@Y(((...(.##.###
....## ###P............P#..###
...P## ###.<.........#####
...?.#### ###.........##
........P##.(....)....##
..........#...#........#
.........#..###.#.######
...........## ##.## ............#
##.


You could see a death yak.

Vanquished Creatures
  Harold (D:8)
  2 catoblepae
  2 hydras
  Erica (D:7)
  2 two-headed ogres
  A death yak (Lair:3)
  Sonja (Lair:2)
  An ugly thing (D:7)
  2 cyclopes
  5 elephants (Lair:1)
  Maurice (D:8)
  2 gargoyles
  9 spiny frogs
  A kobold demonologist (D:8)
  A rime drake (Lair:3)
  4 komodo dragons
  3 trolls
  3 polar bears (Lair:1)
  6 hippogriffs
  3 blink frogs (Lair:4)
  A bog body (Lair:4)
  A wraith (D:11)
  2 wyverns
  11 yaks
  Grum (D:8)
  A basilisk (Lair:2)
  A hungry ghost (D:10)
  A swamp worm (Lair:4)
  11 water moccasins
  2 orc warriors
  5 porcupines
  2 ice beasts
  A black bear (Lair:1)
  7 sky beasts
  2 necrophages
  An eye of draining (D:11)
  14 wolves
  3 phantoms
  6 ogres
  6 centaurs
  8 big kobolds
  4 crocodiles
  11 bullfrogs
  A gnoll sergeant (D:7)
  A water moccasin zombie (D:10)
  2 scorpions
  5 killer bees (D:7)
  3 wights (D:10)
  2 electric eels
  3 howler monkeys
  5 crimson imps
  3 bullfrog zombies
  A quasit (D:11)
  2 lava snakes (D:11)
  6 hounds
  5 jellies
  3 orc priests
  8 orc wizards
  4 bullfrog skeletons
  A centaur skeleton (D:6)
  2 iguanas
  6 worker ants
  A killer bee zombie (D:7)
  A hound skeleton (D:9)
  A worker ant zombie (D:6)
  10 gnolls
  16 adders
  3 shadow imps
  3 oozes
  3 adder zombies
  2 adder skeletons
  A worm (D:2)
  A dart slug (D:4)
  3 leopard geckos
  27 orcs
  2 ball pythons
  11 bats
  3 bat zombies (D:2)
  5 giant cockroaches
  A goblin (D:1)
  5 hobgoblins
  6 jackals
  3 quokkas
  6 frilled lizards
  13 kobolds
  A quokka skeleton (D:8)
  7 rats
  2 rat zombies (D:2)
  A fungus (Lair:3)
  2 plants
356 creatures vanquished.

Vanquished Creatures (others)
  A centaur (D:10)
  A wolf (Lair:4)
  3 fungi
  4 plants
9 creatures vanquished.

Grand Total: 365 creatures vanquished

Notes
Turn   | Place    | Note
-------+----------+-------------------------------------------
     0 | D:1      | BeastOfSaturn the Demonspawn Venom Mage began the quest for
                  | the Orb.
     0 | D:1      | Reached XP level 1. HP: 13/13 MP: 3/3
   236 | D:1      | Gained mutation: You have sharp fingernails. [demonic
                  | ancestry]
   236 | D:1      | Reached XP level 2. HP: 16/19 MP: 0/5
   710 | D:1      | Reached skill level 1 in Polearms
  1350 | D:2      | Reached skill level 1 in Armour
  1350 | D:2      | Gained mutation: You are partially covered in icy blue
                  | scales. (AC +2) [demonic ancestry]
  1350 | D:2      | Reached XP level 3. HP: 23/24 MP: 2/6
  1698 | D:2      | Learned a level 2 spell: Poisonous Vapours
  1718 | D:2      | Reached skill level 1 in Transmutations
  1752 | D:2      | Found an ancient bone altar of Kikubaaqudgha.
  2435 | D:2      | Reached XP level 4. HP: 30/30 MP: 2/7
  2632 | D:2      | Upgraded the game from 0.25-a0-420-g1cc7eeb0d1 to
                  | 0.25-a0-424-g80bd347ae0
  2829 | D:3      | Noticed an ogre
  2900 | D:3      | Killed an ogre
  2900 | D:3      | Reached XP level 5. HP: 23/35 MP: 0/8
  3201 | D:3      | Reached skill level 1 in Air Magic
  3878 | D:4      | Learned a level 4 spell: Olgreb's Toxic Radiance
  3882 | D:4      | Learned a level 3 spell: Mephitic Cloud
  4050 | D:4      | Reached XP level 6. HP: 39/41 MP: 1/10
  4739 | D:4      | Gained mutation: You are slightly more attuned to the
                  | shadows. [demonic ancestry]
  4739 | D:4      | Reached XP level 7. HP: 36/46 MP: 12/12
  4999 | D:4      | Learned a level 1 spell: Beastly Appendage
  5075 | D:4      | Found a bloodstained altar of Trog.
  5228 | D:5      | Entered Level 5 of the Dungeon
  6292 | D:5      | Reached skill level 5 in Poison Magic
  6292 | D:5      | Gained mutation: You are significantly more attuned to the
                  | shadows. [demonic ancestry]
  6292 | D:5      | Reached XP level 8. HP: 52/52 MP: 5/14
  6378 | D:5      | Got a wavering marble ring
  7523 | D:6      | Reached skill level 5 in Spellcasting
  7939 | D:6      | Gained mutation: You are mostly covered in icy blue scales.
                  | (AC +3) [demonic ancestry]
  7939 | D:6      | Reached XP level 9. HP: 27/57 MP: 2/17
  8780 | D:7      | Reached skill level 5 in Armour
  9184 | D:7      | Noticed a cyclops
  9717 | D:7      | Reached skill level 1 in Shields
 10124 | D:7      | Killed a cyclops
 10310 | D:7      | Noticed a cyan ugly thing
 10551 | D:8      | Noticed Erica
 11331 | D:7      | Killed Erica
 11331 | D:7      | Gained mutation: You have very sharp fingernails. [demonic
                  | ancestry]
 11331 | D:7      | Reached XP level 10. HP: 41/63 MP: 4/19
 11508 | D:8      | Noticed a gargoyle
 11882 | D:7      | HP: 2/63 [cyan ugly thing (15)]
 11894 | D:7      | Killed a cyan ugly thing
 12372 | D:7      | Identified the ring of Reisu {MP+9 Str+3} (You found it on
                  | level 5 of the Dungeon)
 12535 | D:8      | Killed a gargoyle
 12535 | D:8      | Reached skill level 1 in Maces & Flails
 12793 | D:8      | Noticed Harold
 12825 | D:8      | Killed Harold
 12825 | D:8      | Reached skill level 5 in Air Magic
 13137 | D:8      | Noticed Maurice
 13161 | D:8      | Killed Maurice
 13553 | D:8      | Noticed Grum
 13568 | D:8      | Killed Grum
 13931 | D:7      | Found a staircase to the Ecumenical Temple.
 13938 | Temple   | Entered the Ecumenical Temple
 14007 | Temple   | Became a worshipper of Dithmenos the Shadowed
 14343 | D:8      | Gained mutation: You are weak. (Str -2) [a neqoxec]
 14410 | D:8      | Found a huge runed translucent gate.
 14410 | D:8      | Found a huge runed translucent gate.
 14411 | D:8      | Found a huge runed translucent gate.
 14490 | D:8      | Reached * piety under Dithmenos
 14828 | D:8      | Found a huge runed translucent gate.
 15177 | D:9      | Found a transporter.
 15179 | D:9      | Noticed a wizard
 15205 | D:9      | Noticed a worldbinder
 15215 | D:9      | Noticed a toenail golem
 15285 | D:9      | Found a transporter.
 15364 | D:9      | Reached XP level 11. HP: 54/68 MP: 22/22
 15545 | D:9      | Found a staircase to the Lair.
 15546 | D:9      | Lost mutation: You are weak. (Str -2) [potion of mutation]
 15546 | D:9      | Gained mutation: Your flesh is cold resistant. (rC+)
                  | [potion of mutation]
 15546 | D:9      | Gained mutation: You evolve. [potion of mutation]
 15546 | D:9      | Gained mutation: You are robust. (+10% HP) [potion of
                  | mutation]
 15546 | D:9      | Gained mutation: Your mind is acute. (Int +2) [potion of
                  | mutation]
 15891 | D:10     | Entered Level 10 of the Dungeon
 16047 | D:9      | Reached skill level 5 in Shields
 16580 | D:10     | Got a crude leather armour
 16581 | D:10     | Identified the cursed +0 leather armour of the Stars {rCorr
                  | Int+4} (You found it on level 10 of the Dungeon)
 16624 | D:10     | Reached ** piety under Dithmenos
 16760 | D:10     | Gained mutation: You can translocate small distances at
                  | will. [evolution]
 16831 | D:10     | Noticed a two-headed ogre
 16865 | D:10     | Killed a two-headed ogre
 17978 | D:11     | Reached skill level 5 in Maces & Flails
 18236 | D:11     | Noticed a two-headed ogre
 18254 | D:11     | Killed a two-headed ogre
 18744 | Lair:1   | Entered Level 1 of the Lair of Beasts
 19143 | Lair:1   | You fall into a shaft and drop 1 floor!
 19155 | Lair:2   | Noticed Sonja
 19355 | Lair:1   | Reached skill level 1 in Evocations
 19696 | Lair:1   | Noticed a four-headed hydra
 19954 | Lair:1   | Reached XP level 12. HP: 71/81 MP: 24/24
 19985 | Lair:1   | Learned a level 1 spell: Animate Skeleton
 20104 | Lair:1   | Reached *** piety under Dithmenos
 20200 | Lair:1   | Reached skill level 1 in Axes
 20345 | Lair:1   | Killed a one-headed hydra
 20827 | Lair:1   | Gained mutation: You are resistant to electric shocks.
                  | (rElec) [evolution]
 21042 | Lair:2   | Killed Sonja
 22418 | Lair:2   | Got an iridescent hunting sling
 22419 | Lair:2   | Identified the +10 hunting sling of Fedhas's Reproof
                  | {venom, rF+ Int+3} (You found it on level 2 of the Lair of
                  | Beasts)
 22483 | Lair:2   | Learned a level 5 spell: Blade Hands
 22887 | Lair:3   | Noticed a catoblepas
 22913 | Lair:3   | Killed a catoblepas
 22913 | Lair:3   | Reached skill level 1 in Slings
 23166 | Lair:3   | Found a hole to the Spider Nest.
 24439 | Lair:4   | Noticed a catoblepas
 24449 | Lair:4   | Killed a catoblepas
 24515 | Lair:4   | Noticed a four-headed hydra
 24520 | Lair:4   | Killed a four-headed hydra
 24850 | Lair:3   | Reached skill level 5 in Dodging
 25349 | Lair:4   | Got a faintly glowing whip
 25356 | Lair:4   | Identified the +5 whip "Sarcophage" {freeze, *Drain rPois
                  | Str+4} (You found it on level 4 of the Lair of Beasts)
 25428 | Lair:4   | Gained mutation: When hurt, damage is shared between your
                  | health and your magic reserves. [demonic ancestry]
 25428 | Lair:4   | Reached XP level 13. HP: 77/86 MP: 25/25
 25755 | Lair:4   | Found a staircase to the Swamp.
 26170 | Lair:2   | Mangled by a death yak

Levels and vault maps discovered:
D:1:      psy_arrival_terrarium, layout_loops_ring
D:2:      layout_loops_ring, lemuel_zombie_altar_kikubaaqudgha
D:3:      layout_basic
D:4:      layout_loops_cross, first_ration, chequers_arboretum,
          trog_butcher_becter
D:5:      layout_rooms
D:6:      layout_basic
D:7:      minmay_chambers_of_sevens, layout_loops_cross,
          minmay_temple_entry_trees
D:8:      lemuel_bear_cage, layout_rooms, special_room [special_room_kobold],
          serial_co_window_serial, co_window_corner_a, co_window_paths_b,
          co_window_paths_a, co_window_paths_a, co_window_paths_a,
          co_window_corner_ca, co_window_corner_ca, co_window_of_opportunity_c,
          glass_columns_c, glass_columns_a, glass_columns_b, glass_columns_b,
          glass_columns_a, uniq_grum, uniq_harold, uniq_maurice, uniq_erica
D:9:      layout_loops_ring, david_lair_shrubbed,
          gammafunk_ghost_abyssal_escape, grunt_ogre_cave,
          kennysheep_decorative_pillar
D:10:     layout_big_octagon, nicolae_twisting_strands
D:11:     layout_roguey, kennysheep_cross_room
Temple:   kilobyte_greek_temple
Lair:1:   layout_hall_layers, beast_lair_carwin_10, serial_bayou_shore_a
Lair:2:   layout_cave_pods, gauntlet_entry_generic, uniq_sonja
Lair:3:   layout_loops_ring, spider_nest_entry_web_field
Lair:4:   layout_misc_corridors, nicolae_swamp_entry_splash_gauntlet,
          lemuel_old_faithful, minmay_lair_oklob_chamber
Lair:5:   layout_misc_corridors, grunt_megastairs_2, infiniplex_staircase_pool_2

Skill      XL: |  1  2  3  4  5  6  7  8  9 10 11 12 13 |
---------------+----------------------------------------+-----
Polearms       | 1 2 3 4 |  4.4
Armour         | 1 2 3 4 5 6 7 8 |  8.6
Transmutations | 1 2 |  2.8
Dodging        | 2 3 4 5 |  5.1
Air Magic      | 1 2 3 4 5 6 |  6.1
Spellcasting   | 3 4 5 6 7 8 9 |  9.0
Poison Magic   | 4 5 6 7 8 9 |  9.2
Stealth        | 2 3 |  3.8
Shields        | 2 4 6 7 |  7.1
Maces & Flails | 3 5 |  5.4
Evocations     | 1 |  1.3
Axes           | 4 |  4.0
Slings         | 3 |  3.5
Fighting       | |  0.2

Action                   |  1- 3 |  4- 6 |  7- 9 | 10-12 | 13-15 || total
-------------------------+-------+-------+-------+-------+-------++-------
Melee: Spear             |   157 |   161 |   248 |       |       ||   566
       Unarmed           |     2 |       |       |       |       ||     2
       Trident           |       |       |    51 |       |       ||    51
       Flail             |       |       |     5 |   484 |       ||   489
       War axe           |       |       |       |   146 |       ||   146
       Whip              |       |       |       |     7 |    94 ||   101
 Fire: Hunting sling     |       |       |       |    87 |       ||    87
Throw: Dart              |       |       |       |     1 |       ||     1
 Cast: Sting             |    25 |       |    22 |    66 |    14 ||   127
       Poisonous Vapours |     5 |    43 |   104 |   150 |    11 ||   313
       Olgreb's Toxic Ra |       |       |     1 |    32 |     3 ||    36
       Mephitic Cloud    |       |       |       |     3 |       ||     3
Evoke: Wand              |       |       |       |     6 |       ||     6
  Use: Scroll            |     4 |     2 |     4 |    27 |       ||    37
       Potion            |       |       |     3 |     6 |     1 ||    10
 Stab: Sleeping          |     1 |       |     7 |    13 |       ||    21
       Distracted        |       |       |       |     2 |       ||     2
  Eat: Ration            |     2 |     2 |     6 |    15 |       ||    25
       Chunk             |       |     3 |     3 |     5 |       ||    11
Armor: Ring mail         |   109 |    64 |   193 |   118 |       ||   484
       Robe              |     1 |       |       |       |       ||     1
       Leather armour    |       |       |       |   108 |     8 ||   116
       Troll leather arm |       |       |       |    30 |       ||    30
Dodge: Dodged            |   102 |    72 |   165 |   357 |    32 ||   728
Block: Shield            |       |       |    35 |   634 |    79 ||   748
       Reflection        |       |       |       |    15 |     1 ||    16

Table legend:
 A = Non-vault XP
 B = Vault XP
 C = Vault XP percentage of total XP
 D = Non-vault monster count
 E = Vault monster count
 F = Vault count percentage of total count
                 A         B        C        D         E       F
            +---------+---------+-------+---------+---------+-------
      Total |   31768 |    9540 |  23.1 |     299 |      55 |  15.5
            +---------+---------+-------+---------+---------+-------
        D:1 |      30 |       0 |   0.0 |      17 |       0 |   0.0
        D:2 |      70 |       8 |  10.3 |      20 |       5 |  20.0
        D:3 |     158 |       0 |   0.0 |      16 |       0 |   0.0
        D:4 |     559 |       7 |   1.2 |      22 |       4 |  15.4
        D:5 |     784 |       0 |   0.0 |      19 |       0 |   0.0
        D:6 |    1242 |     210 |  14.5 |      19 |       1 |   5.0
        D:7 |    1333 |    2632 |  66.4 |      24 |      13 |  35.1
        D:8 |     735 |    2870 |  79.6 |      21 |      17 |  44.7
        D:9 |    2378 |     443 |  15.7 |      18 |       2 |  10.0
       D:10 |    2239 |       0 |   0.0 |      26 |       0 |   0.0
       D:11 |    3703 |       0 |   0.0 |      25 |       0 |   0.0
     Lair:1 |    5303 |    1009 |  16.0 |      21 |       4 |  16.0
     Lair:2 |    2958 |     814 |  21.6 |      13 |       1 |   7.1
     Lair:3 |    5104 |       0 |   0.0 |      21 |       0 |   0.0
     Lair:4 |    5172 |    1547 |  23.0 |      17 |       8 |  32.0
            +---------+---------+-------+---------+---------+-------
